cohdb
Replays
Latest Replays
All Replays
Popular Replays
Top Player Replays
Match Explorer
How It Works
Community
CoH3 Stats
Reddit
Sign in to upload your games and track your stats! →
Sign in with Steam
Match 40804020
Unlisted
Match 40804020
Overview
Messages
Build Orders
End
Construct Barracks
Riflemen Squad
Riflemen Squad
Riflemen Squad
Engineer Squad
Infantry Support Center
M1918 Browning Automatic Rifles
Construct Medical Station
M1 Mortar Team
Riflemen Squad
Scout Squad
Construct Motor Pool
M1 Anti-tank Gun Team
Advanced Logistics
Selects Heavy Weapons
Selects Assault Carriers
Selects Exchangeable Parts
Grenade Package
M1 Anti-tank Gun Team
Selects M26 Pershing Heavy Tank
Selects M2HB .50cal Heavy Machine Gun
M26 Pershing Heavy Tank
Engineer Squad
只愛❤毛妹
Harbour city
0
0
Comments
sign in to comment!
No comments posted yet!